 Dungeon Crawl Stone Soup version 0.24.0-37-gcf1ca852f1 (webtiles) character file.

Game seed: 5292410384878543685, levelgen mode: deterministic

7 Metae the Sneak (level 1, -4/11 HPs)
             Began as a Spriggan Assassin on Nov 19, 2019.
             Slain by a hobgoblin
             ... wielding a +0 club
              (5 damage)
             ... on level 1 of the Dungeon on Nov 21, 2019.
             The game lasted 00:03:38 (545 turns).

Metae the Sneak (Spriggan Assassin)                  Turns: 545, Time: 00:03:38

Health: -4/11      AC:  3    Str:  7    XL:     1   Next: 83%
Magic:  2/2        EV: 17    Int: 12    God:
Gold:   22         SH:  0    Dex: 17    Spells: 0/0 levels left

rFire    . . .     SeeInvis +   a - +2 dagger
rCold    . . .     Gourm    .   (shield restricted)
rNeg     . . .     Faith    .   b - +0 robe
rPois    .         Spirit   .   (helmet restricted)
rElec    .         Reflect  .   c - +0 cloak
rCorr    .         Harm     .   (gloves unavailable)
MR       .....                  (boots unavailable)
Stlth    +++.......             (no amulet)
HPRegen  0.03/turn              (no ring)
MPRegen  0.08/turn              (no ring)

@: very quick
A: very small, unfitting armour, see invisible, herbivore, speed 3, slow
metabolism 2
a: no special abilities


You were on level 1 of the Dungeon.
You were not hungry.

You visited 1 branch of the dungeon, and saw 1 of its levels.

You collected 22 gold pieces.

Inventory:

Hand Weapons
 a - a +2 dagger (weapon)
Missiles
 d - 2 curare-tipped darts
 e - 8 poisoned darts (quivered)
Armour
 b - a +0 robe (worn)
 c - a +0 cloak (worn)
Scrolls
 f - a scroll of magic mapping {unknown}
 g - a scroll of amnesia {unknown}
 h - a scroll of teleportation {unknown}
 j - a scroll of fog {unknown}
 k - a scroll of enchant weapon {unknown}
Potions
 i - a potion of haste {unknown}


   Skills:
 + Level 1.8 Fighting
 - Level 2.1 Short Blades
 + Level 2.2 Throwing
 - Level 1.5 Dodging
 + Level 6.0 Stealth


You couldn't memorise any spells.
You didn't know any spells.
Your spell library was empty.

Dungeon Overview and Level Annotations

Branches:
Dungeon (1/15)

Altars:


Innate Abilities, Weirdness & Mutations

You are very small and have problems with some larger weapons.
You are too small for most types of armour.
You have supernaturally acute eyesight. (SInv)
You are a herbivore.
You cover ground extremely quickly.
You need to consume almost no food.


Message History

The hobgoblin completely misses you. The bat closely misses you.
The bat misses you.
The hobgoblin hits you but does no damage.
The bat closely misses you. The bat completely misses you.
The hobgoblin closely misses you. The bat misses you.
The bat barely misses you.
The hobgoblin hits you but does no damage.
The bat closely misses you. The hobgoblin completely misses you.
The bat closely misses you. The hobgoblin barely misses you.
The bat hits you but does no damage. The hobgoblin barely misses you.
The bat closely misses you. The hobgoblin barely misses you.
The bat closely misses you.
The hobgoblin hits you but does no damage.
The bat misses you. The hobgoblin barely misses you.
The bat hits you but does no damage. The bat closely misses you.
The hobgoblin hits you with a +0 club.
* * * LOW HITPOINT WARNING * * *
The bat closely misses you. The hobgoblin barely misses you.
The bat misses you. The hobgoblin hits you with a +0 club.
You die...

#..................≈≈≈≈≈≈#
#.#...≈≈≈≈...........≈≈≈≈#
###.#≈≈≈≈≈≈≈≈..(....<...≈≈#
....#≈≈≈≈≈..≈≈≈≈.......####
.####........≈≈≈≈≈≈≈####
..##...........≈≈≈≈≈≈≈
...#...........########
.....########.........#
≈..### #..b@g#
...##########.....#
..................#
....##...####.........
....####.# #......... ....#
#... ........... ....#
#####...........
....###...............)
........##...##.......


You could see a hobgoblin and a bat.

Vanquished Creatures
  A leopard gecko (D:1)
  2 bats (D:1)
  2 frilled lizards (D:1)
  2 rats (D:1)
7 creatures vanquished.

Notes
Turn   | Place    | Note
-------+----------+-------------------------------------------
     0 | D:1      | Metae the Spriggan Assassin began the quest for the Orb.
     0 | D:1      | Reached XP level 1. HP: 10/10 MP: 2/2
    61 | D:1      | Upgraded the game from 0.24.0-35-gdb84b6a5db to
                  | 0.24.0-37-gcf1ca852f1
   133 | D:1      | Reached skill level 6 in Stealth
   545 | D:1      | Slain by a hobgoblin

Levels and vault maps discovered:
D:1:      dpeg_arrival_chase, layout_rooms, chequers_serial_rivers_micro_e

Skill      XL: |  1 |
---------------+----+-----
Stealth        | 6 |  6.0
Fighting       | |  1.8
Short Blades   | |  2.1
Throwing       | |  2.2
Dodging        | |  1.5

Action                   || total
-------------------------++-------
Melee: Dagger            ||    17
Throw: Dart              ||    10
Armor: Robe              ||    32
Dodge: Dodged            ||   135
